 Dungeon Crawl Stone Soup version 0.30.0-5-g1a98f26d00 (webtiles) character file.

Game seed: 12099439541254780927

17913 McKennaii the Destroyer (level 11, -1/74 HPs)
             Began as a Demigod Conjurer on May 9, 2023.
             Slain by an ettin
             ... wielding a +0 dire flail
              (19 damage)
             ... on level 12 of the Dungeon.
             The game lasted 00:19:17 (13723 turns).

McKennaii the Destroyer (Demigod Conjurer)         Turns: 13723, Time: 00:19:17

Health: -1/74      AC: 14    Str:  8    XL:     11   Next: 96%
Magic:  22/39      EV: 11    Int: 32    God:
Gold:   681        SH:  0    Dex: 12    Spells: 20/32 levels left

rFire   + + .        M - staff of conjuration
rCold   + + .        (no shield)
rNeg    . . .        K - +2 leather armour {rC+}
rPois   .            F - +2 helmet of Gez Lai {rF++}
rElec   .            G - +0 cloak {rCorr}
rCorr   +            f - +0 pair of gloves
SInv    .            D - +2 pair of boots
Will    +....        r - amulet of magic regeneration
Stlth   ++           x - ring of protection from cold
HPRegen 0.32/turn    H - ring of magical power
MPRegen 0.66/turn

%: no passive effects
@: no status effects
A: high MP 1, forlorn, divine attributes
a: no special abilities


You were on level 12 of the Dungeon.
You visited 1 branch of the dungeon, and saw 12 of its levels.

You collected 801 gold pieces.
You spent 120 gold pieces at shops.

Inventory:

Hand Weapons
 o - a +1 dagger of draining
 I - a +3 scimitar of freezing
Armour
 f - a +0 pair of gloves (worn)
 D - a +2 pair of boots (worn)
 F - the +2 helmet of Gez Lai (worn) {rF++}
   (You found it on level 6 of the Dungeon)

   rF:        It greatly protects you from fire.
 G - a +0 cloak of preservation (worn)
 K - a +2 leather armour of cold resistance (worn)
Magical Staves
 e - a staff of air
 M - a staff of conjuration (weapon)
Jewellery
 r - an amulet of magic regeneration (around neck)
 x - a ring of protection from cold (left hand)
 C - a ring of poison resistance
 H - a ring of magical power (right hand)
Wands
 y - a wand of digging (11)
 J - a wand of light (7)
 O - a wand of mindburst (2)
 P - a wand of charming (5)
Scrolls
 a - 2 scrolls of enchant weapon
 c - 8 scrolls of teleportation
 h - 2 scrolls of silence
 j - 5 scrolls of fog
 k - 6 scrolls of poison
 m - a scroll of acquirement
 n - a scroll of brand weapon {unknown}
 s - 2 scrolls of amnesia
 u - 5 scrolls of enchant armour
 v - 4 scrolls of fear
 w - 2 scrolls of blinking
 z - 3 scrolls of magic mapping {unknown}
 A - 2 scrolls of immolation {unknown}
 L - a scroll of vulnerability {unknown}
Potions
 b - 2 potions of magic
 d - a potion of resistance
 g - 8 potions of curing
 i - a potion of flight
 l - 2 potions of cancellation
 p - 3 potions of heal wounds
 q - 7 potions of mutation {unknown}
 t - a potion of invisibility
 B - 2 potions of might {unknown}
 E - 2 potions of attraction {unknown}
 N - a potion of brilliance {unknown}


   Skills:
 - Level 4.0 Armour
 - Level 1.7 Dodging
 - Level 1.7 Stealth
 + Level 11.3 Spellcasting
 + Level 12.7 Conjurations
 - Level 4.0 Ice Magic
 - Level 4.0 Air Magic


You had 20 spell levels left.
You knew the following spells:

 Your Spells              Type           Power      Damage    Failure   Level
a - Magic Dart            Conj           100%       1d8       1%          1
b - Searing Ray           Conj           100%       2d8       1%          2
c - Iskenderun's Mystic   Conj/Tloc      73%        2d15      2%          4
d - Freezing Cloud        Conj/Ice/Air   38%        6-21      6%          5

Your spell library contained the following spells:

 Spells                   Type           Power      Damage    Failure   Level
 Dazzling Flash           Conj/Hex       100%       N/A       1%          3
 Mephitic Cloud           Conj/Pois/Air  69%        N/A       1%          3
 Ensorcelled Hibernation  Hex/Ice        60%        N/A       2%          2
 Poisonous Vapours        Pois/Air       60%        N/A       2%          2
 Fulminant Prism          Conj/Hex       36%        3d17      2%          4
 Irradiate                Conj/Tmut      36%        3d23      8%          5
 Spider Form              Tmut/Pois      18%        N/A       11%         3
 Tukima's Dance           Hex            18%        N/A       11%         3
 Anguish                  Hex/Necr       9%         N/A       36%         4
 Passage of Golubria      Tloc           18%        N/A       36%         4
 Petrify                  Tmut/Erth      18%        N/A       36%         4
 Metabolic Englaciation   Hex/Ice        15%        N/A       41%         5
 Blade Hands              Tmut           9%         N/A       71%         5
 Yara's Violent Unravell  Hex/Tmut       9%         3d6       71%         5
 Statue Form              Tmut/Erth      12%        N/A       99%         6
 Dragon Form              Tmut           9%         N/A       100%        7


Dungeon Overview and Level Annotations

Branches:
Dungeon (12/15)            Temple (0/1) D:5            Lair (0/5) D:8
    Orc (0/2) D:11

Shops:
D:3 !

Annotations:
D:12 2 transporters, Baeky's ghost, journeyman MiBe


Innate Abilities, Weirdness & Mutations

You have an increased reservoir of magic. (+10% MP)
You shall have no god before yourself.
Your divine heritage dramatically boosts your attributes as you level up.


Message History

You feel a surge of power!
You erupt in a blast of force!
The mystic blast hits the ettin!!
The ettin is moderately wounded.
The ettin is knocked back by the mystic blast.
The ettin slams into the stone wall!
The ettin is heavily wounded.
Casting: Iskenderun's Mystic Blast (dangerous; 2% risk of failure)
Confirm with . or Enter, or press ? or * to list all spells.
You feel a surge of power!
You erupt in a blast of force!
The mystic blast hits the ettin!
The ettin is heavily wounded.
The ettin is knocked back by the mystic blast.
The ettin slams into the stone wall!
The ettin is severely wounded.
Casting: Iskenderun's Mystic Blast (dangerous; 2% risk of failure)
Confirm with . or Enter, or press ? or * to list all spells.
You feel a surge of power!
You erupt in a blast of force!
The mystic blast hits the ettin!
The ettin is severely wounded.
The ettin hits you with a +0 dire flail!!
The ettin barely misses you.
Casting: Iskenderun's Mystic Blast (dangerous; 2% risk of failure)
Confirm with . or Enter, or press ? or * to list all spells.
You feel a surge of power!
You erupt in a blast of force!
The mystic blast hits the ettin!
The ettin is almost dead.
The ettin is knocked back by the mystic blast.
The ettin slams into the stone wall!
The ettin is almost dead.
The ettin hits you with a +0 dire flail!
The ettin completely misses you.
Casting: Iskenderun's Mystic Blast (dangerous; 2% risk of failure)
Confirm with . or Enter, or press ? or * to list all spells.
You feel a surge of power!
You erupt in a blast of force!
The mystic blast hits the ettin but does no damage.
The ettin is almost dead.
The ettin hits you with a +0 dire flail!!
* * * LOW HITPOINT WARNING * * *
The ettin hits you with a +0 dire flail!!
You die...

...........# ##†#...#.#.
####.#.###....#########.#.....#.#
#.#.# ###......#.#..####### #.#.#
#####.#.#.#.# #. #.#.#
#....#.#..#.# #. #.#)#
#...#.#.#.#.# #. #.#.#
####.#W.#.#.# #. ####.#.######
#.#.#.#.#.#.# #.
..............##@#.#.#.#.#. #.
###############.#C.#.#.#. . #.
............# #)########## #.
###########.# #..##..######### #.
###########.# ##.##..........# #.
............# #.###.#######.####
.##########.####.# #.# #..... .#
#...##[# #.# ###### .# #.#.##.#
#.#######


You could see an ettin.

Vanquished Creatures
  Snorg (D:11)
  Erica (D:8)
  4 boulder beetles
  A two-headed ogre (D:12)
  A tengu warrior (D:12)
  A hell knight (D:12)
  A deep elf archer (D:12)
  A skeletal warrior (D:12)
  A deep elf pyromancer (D:12)
  An orc knight (D:11)
  An ugly thing (D:12)
  A wolf spider (D:12)
  A guardian serpent (shapeshifter) (D:12)
  A gargoyle (D:12)
  An efreet (D:12)
  Psyche (D:11)
  A freezing wraith (D:12)
  4 trolls
  A hornet (D:9)
  Prince Ribbit (D:9)
  A shadow (D:11)
  3 wyverns
  A centaur simulacrum (D:12)
  2 wraiths
  8 yaks (D:9)
  Grum (D:10)
  A redback (D:12)
  2 vampire mosquitoes (D:12)
  A steam dragon (D:5)
  2 acid dragons
  2 water moccasins
  A meliai simulacrum (D:12)
  10 orc warriors
  2 ice beasts
  A sky beast (D:6)
  5 centaurs
  2 ogres
  3 wolves (D:10)
  A phantom (D:4)
  2 bullfrogs
  3 scorpions
  A gnoll sergeant (D:8)
  3 wights (D:7)
  3 killer bees (D:11)
  3 howler monkeys
  4 hounds
  2 gnoll boudas
  9 orc priests
  Crazy Yiuf (D:6)
  An iguana (D:7)
  11 orc wizards
  16 gnolls
  5 adders
  5 worms
  A dart slug (D:1)
  50 orcs
  5 ball pythons
  8 endoplasms
  5 giant cockroaches
  6 goblins
  10 hobgoblins
  6 kobolds
  6 quokkas
  3 bats
  6 frilled lizards
  3 rats
253 creatures vanquished.

Notes
Turn   | Place    | Note
-------+----------+-------------------------------------------
     0 | D:1      | McKennaii the Demigod Conjurer began the quest for the Orb.
     0 | D:1      | Reached XP level 1. HP: 14/14 MP: 5/5
   524 | D:1      | Reached XP level 2. HP: 20/20 MP: 5/7
   807 | D:1      | Reached skill level 4 in Conjurations
  1261 | D:2      | Reached XP level 3. HP: 26/26 MP: 0/9
  1440 | D:2      | Learned a level 2 spell: Searing Ray
  2073 | D:3      | You fall into a shaft and drop 1 floor!
  2184 | D:3      | Reached XP level 4. HP: 33/33 MP: 9/11
  2249 | D:3      | Found Qobreuma's Distillery.
  2253 | D:3      | Bought a potion of heal wounds for 50 gold pieces
  2253 | D:3      | Bought 2 potions of curing for 60 gold pieces
  2253 | D:3      | Bought a potion of degeneration for 10 gold pieces
  2843 | D:3      | Learned a level 4 spell: Iskenderun's Mystic Blast
  2955 | D:4      | Noticed a phantom
  2966 | D:4      | Killed a phantom
  2967 | D:4      | Reached skill level 5 in Conjurations
  2967 | D:4      | Reached XP level 5. HP: 38/38 MP: 8/13
  3162 | D:4      | Identified the +2 ring mail "Iptaafej" {Dex+2}
  3482 | D:4      | Identified the +1 mace of Havoc {flame, rN+ Will+ Int+2}
  3670 | D:5      | Entered Level 5 of the Dungeon
  3781 | D:5      | Noticed an ogre
  3786 | D:5      | Killed an ogre
  3787 | D:5      | Reached XP level 6. HP: 11/45 MP: 10/15
  4011 | D:5      | Found a staircase to the Ecumenical Temple.
  4021 | D:5      | Reached skill level 6 in Conjurations
  4157 | D:5      | Reached XP level 7. HP: 50/50 MP: 14/17
  4164 | D:5      | Reached skill level 5 in Spellcasting
  4380 | D:5      | Noticed a steam dragon
  4390 | D:5      | Killed a steam dragon
  4947 | D:6      | Reached skill level 7 in Conjurations
  5161 | D:6      | Identified the +2 helmet of Gez Lai {rF++}
  5444 | D:6      | Reached XP level 8. HP: 57/57 MP: 15/20
  5732 | D:6      | Found a runed translucent door.
  5733 | D:6      | Noticed Crazy Yiuf
  5739 | D:6      | Killed Crazy Yiuf
  6469 | D:7      | Reached skill level 8 in Conjurations
  6900 | D:8      | Found a staircase to the Lair.
  6947 | D:8      | Noticed Erica
  6959 | D:8      | Killed Erica
  6960 | D:8      | Reached skill level 9 in Conjurations
  6960 | D:8      | Reached XP level 9. HP: 44/62 MP: 23/24
  7997 | D:9      | Reached skill level 10 in Conjurations
  8384 | D:9      | Noticed Prince Ribbit
  8391 | D:9      | Killed Prince Ribbit
  8392 | D:9      | Reached XP level 10. HP: 69/69 MP: 27/27
  8435 | D:9      | Paralysed by a hornet for 1 turns
  8437 | D:9      | Paralysed by a hornet for 3 turns
  8542 | D:9      | Noticed a boulder beetle
  8824 | D:9      | Killed a boulder beetle
  9238 | D:9      | Reached skill level 11 in Conjurations
  9509 | D:10     | Entered Level 10 of the Dungeon
  9547 | D:10     | Identified a scroll of acquirement
  9598 | D:10     | Reached skill level 10 in Spellcasting
  9873 | D:10     | Identified the +4 great mace of the Glimmering Oracle
                  | {freeze, Fragile Str+6 Int+2}
 10041 | D:10     | Noticed Grum
 10054 | D:10     | Killed Grum
 10278 | D:10     | Learned a level 5 spell: Freezing Cloud
 10502 | D:11     | Noticed Psyche
 10503 | D:11     | Noticed Snorg
 10514 | D:11     | Killed Psyche
 10515 | D:11     | Killed Snorg
 10516 | D:11     | Reached skill level 1 in Ice Magic
 10516 | D:11     | Reached skill level 1 in Air Magic
 10895 | D:11     | Noticed a boulder beetle
 10933 | D:11     | Reached XP level 11. HP: 62/74 MP: 26/30
 10938 | D:11     | Found a staircase to the Orcish Mines.
 10943 | D:11     | Noticed an orc knight
 11348 | D:11     | Killed a boulder beetle
 11421 | D:11     | Reached skill level 12 in Conjurations
 11637 | D:11     | Killed an orc knight
 12615 | D:12     | Found a transporter.
 12617 | D:12     | Noticed a death knight
 12618 | D:12     | Noticed Baeky's ghost (journeyman MiBe)
 12625 | D:12     | Noticed a boulder beetle
 12638 | D:12     | Killed a boulder beetle
 12639 | D:12     | Reached skill level 1 in Armour
 12693 | D:12     | Noticed a two-headed ogre
 12700 | D:12     | Killed a two-headed ogre
 12794 | D:12     | Found a transporter.
 13103 | D:12     | Noticed a boulder beetle
 13113 | D:12     | Killed a boulder beetle
 13184 | D:12     | Noticed a deep elf archer
 13190 | D:12     | Killed a deep elf archer
 13276 | D:12     | Noticed a skeletal warrior
 13315 | D:12     | Killed a skeletal warrior
 13395 | D:12     | Noticed a tengu warrior
 13399 | D:12     | Killed a tengu warrior
 13544 | D:12     | Noticed a boulder beetle
 13562 | D:12     | Noticed a deep elf pyromancer
 13566 | D:12     | Noticed a hell knight
 13567 | D:12     | Killed a deep elf pyromancer
 13574 | D:12     | Killed a hell knight
 13718 | D:12     | Noticed an ettin
 13723 | D:12     | Slain by an ettin

Illustrated notes

Levels and vault maps discovered:
D:1:      mrwooster_arrival_arrow, layout_loops_ring,
          ebering_ecumenical_altar_hall, minmay_pentomino_p4
D:2:      layout_basic, basic_altar, minmay_surrounded
D:3:      layout_basic, nicolae_uskayaw_dance_hall, serial_shops, shop,
          hangedman_decor_growths, small_statue_intersection
D:4:      layout_rooms, minivault_14, minmay_tree_intersection,
          minmay_misc_feat_roman
D:5:      layout_basic, nemelex_dance_club_becter,
          mainiacjoe_overflow_large_starburst, minmay_temple_entry_overgrown
D:6:      layout_cave_pods, uniq_crazy_yiuf_cottage
D:7:      layout_loops_ring, nicolae_sextant
D:8:      layout_basic, lair_entry_dummy, st_stairs_13, uniq_erica
D:9:      layout_basic, nicolae_hepliaklqana_hazy_memory, jmf_multi_god_temple,
          minmay_three_doors, uniq_prince_ribbit1
D:10:     layout_loops_ring, mainiacjoe_overflow_alcove_2, minmay_hedge_maze,
          minmay_misc_feat_secret_circle, kennysheep_nub, uniq_grum
D:11:     layout_layer_cave, david_orc_5, uniq_snorg, uniq_psyche
D:12:     minmay_tearing_corner, layout_loops_ring, gammafunk_ghost_mausoleum,
          hangedman_decor_slide_cut

Skill      XL: |  1  2  3  4  5  6  7  8  9 10 11 |
---------------+----------------------------------+-----
Spellcasting   | 2 3 4 6 7 9 10 11 | 11.3
Conjurations   | 4 5 6 7 9 10 11 12 | 12.7
Ice Magic      | 1 4 |  4.0
Air Magic      | 1 4 |  4.0
Armour         | 4 |  4.0
Dodging        | |  1.7
Stealth        | |  1.7

Action                     |  1- 3 |  4- 6 |  7- 9 | 10-12 || total
---------------------------+-------+-------+-------+-------++-------
  Melee: Unarmed           |    13 |       |       |       ||    13
         Dagger            |    10 |     5 |     1 |       ||    16
   Cast: Magic Dart        |   104 |    88 |   152 |   106 ||   450
         Searing Ray       |       |     8 |    56 |    72 ||   136
         Iskenderun's Myst |       |       |       |   100 ||   100
         Freezing Cloud    |       |       |       |    11 ||    11
  Evoke: Wand              |       |       |       |     6 ||     6
    Use: Scroll            |       |       |       |    15 ||    15
         Potion            |       |       |       |     2 ||     2
 Armour: Robe              |    15 |    11 |    19 |       ||    45
         Leather armour    |       |       |    20 |    45 ||    65
  Dodge: Dodged            |    21 |    19 |    80 |    50 ||   170
